 Dungeon Crawl Stone Soup version 0.30-a0-578-gdee14c521f (webtiles) character file.

Game seed: 4331220832840506652

3433 Newt the Basher (level 9, -2/66 HPs)
             Began as a Demonspawn Gladiator on Dec 31, 2022.
             Was an Initiate of Gozag.
             Slain by Gastronok (22 damage)
             ... on level 9 of the Dungeon.
             The game lasted 00:12:25 (11639 turns).

Newt the Basher (Demonspawn Gladiator)             Turns: 11639, Time: 00:12:26

Health: -2/66      AC: 11    Str: 24    XL:     9   Next: 77%
Magic:  9/9        EV: 12    Int:  9    God:    Gozag
Gold:   1242       SH:  0    Dex: 16    Spells: 8/8 levels left

rFire   . . .      SeeInvis .    j - +5 morningstar (heavy)
rCold   . . .      Faith    .    (no shield)
rNeg    . . .      Spirit   .    I - +3 ring mail "Lidus" {Slay+5}
rPois   .          Reflect  .    (helmet restricted)
rElec   .          Harm     .    (no cloak)
rCorr   .          Rampage  .    (no gloves)
Will    ++...                    (no boots)
Stlth   +                        (no amulet)
HPRegen 0.31/turn                l - +6 ring of strength
MPRegen 0.11/turn                o - ring of willpower

@: no status effects
A: claws 2, thin metallic scales 1, demonic guardian 1, foul stench 1, horns 1,
strong-willed 1, noise suppression
a: Renounce Religion, Potion Petition, Call Merchant, Bribe Branch


You were on level 9 of the Dungeon.
You worshipped Gozag.
Gozag was most pleased with you.
You visited 2 branches of the dungeon, and saw 9 of its levels.
You also visited: Sewer.

You collected 2255 gold pieces.
You spent 759 gold pieces at shops.
You paid 254 gold pieces to Gozag.

Inventory:

Hand Weapons
 a - a +0 rapier
 j - a +5 heavy morningstar (weapon)
Missiles
 e - a javelin (quivered)
Armour
 b - a +0 leather armour
 c - a +0 helmet
 I - the +3 ring mail "Lidus" (worn) {Slay+5}
   (You found it on level 8 of the Dungeon)

   Slay:      It affects your accuracy & damage with ranged weapons and melee
   (+5).
Jewellery
 i - a +6 ring of intelligence
 l - a +6 ring of strength (left claw)
 m - a ring of protection from fire
 o - a ring of willpower (right claw)
 t - a ring of flight
Wands
 C - a wand of iceblast (7)
 E - a wand of charming (17)
 H - a wand of flame (18)
Scrolls
 g - 7 scrolls of teleportation
 n - a scroll of enchant weapon {unknown}
 u - 3 scrolls of summoning
 w - a scroll of noise
 A - a scroll of fog {unknown}
 B - a scroll of fear
 D - a scroll of immolation {unknown}
 F - 2 scrolls of vulnerability {unknown}
 G - 4 scrolls of magic mapping
Potions
 f - a potion of invisibility
 h - 3 potions of curing
 k - a potion of cancellation
 p - a potion of might
 q - a potion of resistance
 r - a potion of magic {unknown}
 s - 5 potions of brilliance
 v - 3 potions of lignification
 x - 2 potions of flight
 z - a potion of mutation
 J - a potion of berserk rage {unknown}
Miscellaneous
 y - a box of beasts


   Skills:
 + Level 4.3 Fighting
 - Level 2.6 Short Blades
 - Level 8.0 Maces & Flails
 - Level 1.7 Throwing
 - Level 7.0 Armour
 - Level 2.6 Dodging
 - Level 2.0 Stealth
 - Level 6.0 Evocations


You had 8 spell levels left.
You didn't know any spells.
Your spell library contained the following spells:

 Spells                   Type           Power      Damage    Failure   Level
 Apportation              Tloc           0%         N/A       52%         1
 Cigotuvi's Dreadful Rot  Necr/Pois/Air  0%         N/A       65%         2
 Ensorcelled Hibernation  Hex/Ice        0%         N/A       65%         2
 Passwall                 Tmut/Erth      0%         N/A       65%         2
 Poisonous Vapours        Pois/Air       0%         N/A       65%         2
 Mephitic Cloud           Conj/Pois/Air  0%         N/A       87%         3
 Swiftness                Air            0%         N/A       87%         3
 Alistair's Intoxication  Tmut/Pois      0%         N/A       100%        5


Dungeon Overview and Level Annotations

Branches:
Dungeon (9/15)             Temple (1/1) D:5           Sewer (visited)
   Lair: D:8-11         Orc: D:9-12

Altars:
Ashenzari
Cheibriados
Dithmenos
Fedhas
Gozag
Hepliaklqana
Kikubaaqudgha
Makhleb
Nemelex Xobeh
Qazlal
Ru
Sif Muna
Trog
Uskayaw
Vehumet
Wu Jian
Xom
Yredelemnul

Shops:
D:1 *   D:3 [   D:4 !   D:5 =   D:8 !

Annotations:
D:5 1 runed translucent door
D:9 Gastronok


Innate Abilities, Weirdness & Mutations

You have very sharp fingernails.
You are partially covered in thin metallic scales. (AC +2)
A weak demonic guardian rushes to your aid.
You may rarely emit foul miasma when damaged in melee.
You have a pair of small horns on your head.
You are strong-willed. (Will+)
You passively dampen the noise of your surroundings.


Message History

No target in view!
You now have 1210 gold pieces (gained 4).
You now have 1224 gold pieces (gained 14).
Items here: )) [[.
You now have 1229 gold pieces (gained 5).
Things that are here:
a +0 short sword; a +0 arbalest; a +0 plate armour You now have 1242 gold pieces (gained 13).
Items here: )) [[.
Gastronok the Ponderous comes into view.
He is wearing a +2 hat of see invisible.
Gastronok gurgles horribly!
Gastronok waves his eye-stalks in wide circles.
The air twists around and strikes you!!
A demonic guardian appears!
Gastronok is nearby!
Gastronok is nearby!
Gastronok waves his eye-stalks in wide circles.
The air twists around and strikes you!!
* * * LOW HITPOINT WARNING * * *
You are too injured to fight recklessly!
Okay, then.
Throw: 3 throwing nets
Press: ? - help, Shift-Dir - straight line, f - Gastronok
Aim: Gastronok, wearing a +2 hat of see invisible (ally target, 94% to hit, immune to nets)
You throw a throwing net. The throwing net hits Gastronok.
Gastronok is too large for the net to hold!
Throw: 2 throwing nets
Press: ? - help, Shift-Dir - straight line, f/p - Gastronok
Aim: Gastronok, wearing a +2 hat of see invisible (ally target, 94% to hit, immune to nets)
You throw a throwing net. The throwing net hits Gastronok.
Gastronok is too large for the net to hold!
Gastronok mumbles some strange words.
Gastronok puts on a burst of speed!
Throw: throwing net
Press: ? - help, Shift-Dir - straight line, f/p - Gastronok
Aim: Gastronok, wearing a +2 hat of see invisible (covering ground quickly, ally target, 94% to hit, immune to nets)
You throw a throwing net. The throwing net hits Gastronok.
Gastronok is too large for the net to hold!
Gastronok bites you!!
You die...
Your body crumbles into a pile of gold.

............).........
.............).........
.............)......###
#..................##
..........[.$......#
...................#
...........###.....#
...##......## #......
#....@5..# ......
#.....w...# .....
#..........# ..
##............
#..##........ #..#
.......... ###
.......... .#.......


You could see Gastronok (swift, ally target) and a friendly iron imp (summoned).

Vanquished Creatures
  A troll (D:8)
  A shadow (D:8)
  The ghost of Newt the Trooper, an amateur DsGl of Wu Jian (D:5)
  3 orc warriors
  2 centaurs (D:8)
  An ogre (D:5)
  3 phantoms
  5 bullfrogs
  3 kobold brigands
  A scorpion (D:3)
  A necrophage (D:5)
  2 howler monkeys
  A gnoll bouda (D:5)
  A jelly (D:4)
  2 hounds (D:5)
  5 orc priests
  An iguana (D:4)
  12 orc wizards
  17 adders
  15 gnolls
  7 river rats
  A shadow imp (D:6)
  5 worms
  3 dart slugs
  44 orcs
  11 ball pythons
  10 endoplasms
  6 giant cockroaches
  7 goblins
  10 hobgoblins
  14 jackals
  16 kobolds
  3 quokkas
  4 bats
  6 frilled lizards
  12 rats
237 creatures vanquished.

Vanquished Creatures (collateral kills)
  An orc warrior (D:6)
  A sky beast (D:6)
  An orc wizard (D:6)
  7 gnolls
  3 orcs
  A hobgoblin (D:3)
  A jackal (D:3)
  A kobold (D:8)
16 creatures vanquished.

Vanquished Creatures (others)
  11 plants (Sewer)
11 creatures vanquished.

Grand Total: 264 creatures vanquished

Notes
Turn   | Place    | Note
-------+----------+-------------------------------------------
     0 | D:1      | Newt the Demonspawn Gladiator began the quest for the Orb.
     0 | D:1      | Reached XP level 1. HP: 16/16 MP: 1/1
   125 | D:1      | Reached skill level 1 in Stealth
   373 | D:1      | Gained mutation: You are partially covered in thin metallic
                  | scales. (AC +2) [demonic ancestry]
   373 | D:1      | Reached XP level 2. HP: 22/22 MP: 2/2
   455 | D:1      | Found Ekhleecu's General Store.
   518 | D:1      | Bought a scroll of teleportation for 33 gold pieces
   853 | D:2      | Identified a scroll of acquirement
   853 | D:2      | Acquired a +5 heavy morningstar
   934 | D:2      | Gained mutation: A weak demonic guardian rushes to your
                  | aid. [demonic ancestry]
   934 | D:2      | Reached XP level 3. HP: 28/28 MP: 3/3
  1659 | D:3      | Reached XP level 4. HP: 20/37 MP: 4/4
  1746 | D:3      | Found a blossoming altar of Fedhas.
  1756 | D:3      | Reached skill level 1 in Maces & Flails
  2406 | D:2      | Reached skill level 2 in Maces & Flails
  2406 | D:2      | Reached XP level 5. HP: 31/42 MP: 5/5
  2871 | D:3      | Reached skill level 3 in Maces & Flails
  3171 | D:3      | Found Leelioh's Armour Shop.
  3629 | D:3      | Reached skill level 4 in Maces & Flails
  3629 | D:3      | Gained mutation: You have sharp fingernails. [demonic
                  | ancestry]
  3629 | D:3      | Reached XP level 6. HP: 26/48 MP: 6/6
  4228 | D:4      | Acquired 512 gold pieces
  4530 | D:4      | Reached skill level 5 in Maces & Flails
  4616 | D:4      | Noticed an orc warrior
  4621 | D:4      | Killed an orc warrior
  4622 | D:4      | Reached XP level 7. HP: 42/54 MP: 7/7
  4759 | D:4      | Found Kuw Pilynt's Distillery.
  4764 | D:4      | Bought a potion of flight for 33 gold pieces
  4764 | D:4      | Bought a potion of brilliance for 44 gold pieces
  4764 | D:4      | Bought a potion of lignification for 33 gold pieces
  4769 | D:4      | Found a snail-covered altar of Cheibriados.
  4772 | D:4      | Found a basalt altar of Yredelemnul.
  4774 | D:4      | Found a hide-covered altar of Uskayaw.
  4775 | D:4      | Found a sparkling altar of Nemelex Xobeh.
  4957 | D:4      | Found a shimmering blue altar of Sif Muna.
  4962 | D:4      | Reached skill level 6 in Maces & Flails
  4965 | D:4      | Reached skill level 1 in Armour
  5357 | D:1      | Bought 2 potions of mutation for 176 gold pieces
  5357 | D:1      | Bought a box of beasts for 440 gold pieces
  5429 | D:4      | Gained mutation: You are strong-willed. (Will+) [potion of
                  | mutation]
  5429 | D:4      | Gained mutation: You passively dampen the noise of your
                  | surroundings. [potion of mutation]
  5429 | D:4      | Gained mutation: You have a pair of small horns on your
                  | head. [potion of mutation]
  5539 | D:4      | Found a radiant altar of Vehumet.
  5720 | D:5      | Entered Level 5 of the Dungeon
  5720 | D:5      | Found Ruaclumn's Jewellery Shoppe.
  6083 | D:5      | Found a staircase to the Ecumenical Temple.
  6206 | Temple   | Entered the Ecumenical Temple
  6392 | Temple   | Became a worshipper of Gozag Ym Sagoz the Greedy
  6435 | D:5      | Found a shimmering altar of Xom.
  6546 | D:5      | Gained mutation: You have very sharp fingernails. [demonic
                  | ancestry]
  6546 | D:5      | Reached XP level 8. HP: 41/60 MP: 8/8
  6928 | D:5      | Found a runed translucent door.
  6975 | D:5      | Reached skill level 5 in Armour
  7124 | D:5      | Reached skill level 1 in Evocations
  7355 | D:5      | Found a runed translucent door.
  7357 | D:5      | Noticed Newt's ghost (amateur DsGl)
  7629 | D:5      | Found a sacrificial altar of Ru.
  7850 | D:5      | Killed Newt's ghost
  7956 | D:6      | HP: 1/60 [orc warrior/+2 short sword of electrocution (18)]
  8358 | D:6      | Reached skill level 5 in Evocations
  8518 | D:6      | Found a glowing drain.
  8525 | Sewer    | Entered a sewer
  9349 | Sewer    | Gained mutation: You may rarely emit foul miasma when
                  | damaged in melee. [demonic ancestry]
  9349 | Sewer    | Reached XP level 9. HP: 65/65 MP: 9/9
 10246 | D:6      | Reached skill level 7 in Maces & Flails
 10325 | D:6      | You fall into a shaft and drop 2 floors!
 10412 | D:8      | Noticed a troll
 10420 | D:8      | Killed a troll
 10421 | D:8      | Reached skill level 8 in Maces & Flails
 10718 | D:8      | Found Vuchitax's Distillery.
 10793 | D:8      | Identified the +3 ring mail "Lidus" {Slay+5}
 11000 | D:8      | Found a shadowy altar of Dithmenos.
 11050 | D:8      | Found a broken altar of Ashenzari.
 11631 | D:9      | Noticed Gastronok
 11639 | D:9      | Slain by Gastronok

Illustrated notes

Levels and vault maps discovered:
D:1:      nzn_arrival_crosshair, layout_basic, serial_shops, shop,
          skrybe_limestone_x
D:2:      layout_loops_ring, guppyfry_early_orc_mine
D:3:      minmay_octagon_keep, layout_loops_ring, fedhas_altar_2, serial_shops,
          shop, minmay_tree_intersection
D:4:      minmay_polygon_palace, layout_basic, marbit_many_paths,
          kennysheep_orc_sif_temple, mainiacjoe_overflow_alcove_3, serial_shops,
          nicolae_shop_statue_plus
D:5:      layout_loops_ring, nicolae_overflow_crystal_walls,
          mainiacjoe_overflow_brackets, pf_just_have_faith,
          minmay_temple_entry_glassed_door, serial_shops, shop,
          ebering_ghost_sewer_f
D:6:      minmay_flawed_box, layout_loops_ring, zin_academy,
          portal_sewer_entry_e, sigmund_edmund_badplayer
D:8:      layout_rooms, evilmike_ruin_ashenzari,
          mainiacjoe_overflow_six_doors_small, serial_shops,
          kennysheep_little_box
D:9:      layout_big_octagon, nicolae_overflow_hidden_temple, uniq_gastronok,
          uniq_erica
Temple:   nicolae_temple_bog_church

Skill      XL: |  1  2  3  4  5  6  7  8  9 |
---------------+----------------------------+-----
Stealth        | 1 2 |  2.0
Fighting       | 3 4 |  4.3
Maces & Flails | 2 4 5 6 8 |  8.0
Armour         | 4 5 7 |  7.0
Evocations     | 6 |  6.0
Short Blades   | |  2.6
Throwing       | |  1.7
Dodging        | |  2.6

Action                   |  1- 3 |  4- 6 |  7- 9 || total
-------------------------+-------+-------+-------++-------
Melee: Rapier            |    61 |       |       ||    61
       Punch             |     1 |     1 |     4 ||     6
       Morningstar       |    50 |   115 |   309 ||   474
       Headbutt          |       |       |    49 ||    49
Throw: Throwing net      |       |     1 |     3 ||     4
Evoke: Box of beasts     |       |       |     1 ||     1
       Wand              |       |       |     1 ||     1
  Use: Scroll            |     4 |     4 |     4 ||    12
       Potion            |       |     3 |     4 ||     7
 Stab: Sleeping          |     3 |     3 |     5 ||    11
       Distracted        |       |     1 |       ||     1
Armor: Leather armour    |    64 |    71 |   106 ||   241
       Ring mail         |       |       |    56 ||    56
Dodge: Dodged            |   110 |   174 |   259 ||   543

Table legend: (Time is in decaauts)
 A = Elapsed time spent in this place.
 B = Non-inter-level travel time spent in this place.
 C = Inter-level travel time spent in this place.
 D = Time resting spent in this place.
 E = Time spent auto-exploring this place.
 F = Levels seen in this place.
 G = Mean time per level.
                   A        B        C        D        E       F      G
               +--------+--------+--------+--------+--------+-----+--------+
         Total |  12237 |  11816 |    421 |   4137 |   5756 |  10 | 1223.7 |
       Dungeon |  10550 |  10162 |    388 |   3633 |   4932 |   8 | 1318.8 |
        Temple |    207 |    175 |     32 |      0 |    165 |   1 |  207.0 |
         Sewer |   1480 |   1480 |      0 |    504 |    658 |   1 | 1480.0 |
               +--------+--------+--------+--------+--------+-----+--------+

Top non-repeatable levels by time:
     D:5: 2213 daAuts
     D:3: 2121 daAuts
     D:4: 1889 daAuts
   Sewer: 1480 daAuts
     D:2: 1296 daAuts
     D:8: 1031 daAuts
     D:1: 914 daAuts
     D:6: 762 daAuts
     D:9: 320 daAuts
  Temple: 207 daAuts
